 Dungeon Crawl Stone Soup version 0.29.1-12-g30fa7ad0bf (webtiles) character file.

Game seed: 8698867219610968316

142 LustLizard the Firebug (level 5, -12/41 HPs)
             Began as a Hill Orc Fire Elementalist on Jan 12, 2023.
             Mangled by an ogre
             ... wielding a +0 giant club
              (34 damage)
             ... on level 4 of the Dungeon.
             The game lasted 00:06:57 (2817 turns).

LustLizard the Firebug (Hill Orc Fire Elementalist) Turns: 2817, Time: 00:06:58

Health: -12/41     AC:  4    Str: 13    XL:     5   Next: 25%
Magic:  1/8        EV: 12    Int: 15    God:
Gold:   199        SH:  0    Dex: 11    Spells: 4/8 levels left

rFire   . . .      SeeInvis .   i - +0 hand axe
rCold   . . .      Faith    .   (no shield)
rNeg    . . .      Spirit   .   a - +0 robe
rPois   .          Reflect  .   (no helmet)
rElec   .          Harm     .   q - +0 cloak
rCorr   .          Rampage  .   (no gloves)
Will    .....                   o - +0 pair of boots
Stlth   ++........              (no amulet)
HPRegen 0.13/turn               (no ring)
MPRegen 0.11/turn               (no ring)

@: no status effects
A: no striking features
a: no special abilities


You were on level 4 of the Dungeon.
You visited 1 branch of the dungeon, and saw 4 of its levels.

You collected 199 gold pieces.

Inventory:

Hand Weapons
 d - a +0 short sword
 i - a +0 hand axe (weapon)
Missiles
 l - 6 poisoned darts
Armour
 a - a +0 robe (worn)
 o - a +0 pair of boots (worn)
 q - a +0 cloak (worn)
Jewellery
 g - an amulet of faith
Wands
 r - a wand of flame (2)
Scrolls
 c - 5 scrolls of identify
 f - a scroll of poison
 h - a scroll of enchant weapon {unknown}
 m - 4 scrolls of magic mapping
 p - a scroll of blinking {unknown}
Potions
 b - a potion of magic
 e - a potion of flight {unknown}
 j - a potion of mutation {unknown}
 k - 2 potions of heal wounds
 n - 3 potions of curing
 s - a potion of haste {unknown}
 t - a potion of lignification {unknown}
 u - a potion of ambrosia {unknown}


   Skills:
 + Level 1.7 Fighting
 + Level 1.7 Axes
 - Level 1.5 Dodging
 - Level 1.5 Stealth
 + Level 2.1 Spellcasting
 * Level 2.6 Conjurations
 * Level 4.4 Fire Magic


You had 4 spell levels left.
You knew the following spells:

 Your Spells              Type           Power      Damage    Failure   Level
a - Foxfire               Conj/Fire      48%        2x1d6     4%          1
b - Inner Flame           Hex/Fire       8%         N/A       26%         3

Your spell library contained the following spells:

 Spells                   Type           Power      Damage    Failure   Level
 Scorch                   Fire           30%        2d6       5%          2
 Conjure Flame            Conj/Fire      12%        6-21      16%         3
 Necrotise                Necr           4%         1d4       22%         1
 Flame Wave               Conj/Fire      12%        2d6       45%         4
 Vampiric Draining        Necr           1%         2d6       54%         3
 Agony                    Necr           1%         N/A       99%         5


Dungeon Overview and Level Annotations

Branches:
Dungeon (4/15)             Temple (0/1) D:4

Altars:
Ashenzari
Gozag
Okawaru


Message History

The adder closely misses you.
Okay, then.
Okay, then.
Casting: Foxfire (safe; 4% risk of failure)
Confirm with . or Enter, or press ? or * to list all spells.
Okay, then.
You miscast Foxfire.
You are very lightly contaminated with residual magic.
Nothing appears to happen.
The goblin hits you but does no damage. The adder bites you.
You conjure some foxfire!
The adder closely misses you. The goblin barely misses you.
The giant cockroach closely misses you. The adder bites you.
You are poisoned.
The adder poisons you!
You miss the adder. You barely miss the goblin.
You hit the giant cockroach but do no damage.
You feel sick.
The foxfire hits the giant cockroach.
You kill the giant cockroach!
The foxfire hits the goblin.
You kill the goblin!
The adder bites you but does no damage. The ogre closely misses you.
The air fills with toxic fumes!
As you read the scroll labelled XIFOAL YROJIDE, it crumbles to dust.
It was a scroll of poison.
You feel sick. The adder barely misses you. x2
Really walk into that cloud of poison gas?
Okay, then.
The adder attacks as you move away! The adder bites you.
You feel sick.
You closely miss the ogre.
You feel sick. The ogre barely misses you.
You slash the ogre!
The ogre is moderately wounded.
You feel sick.
You are no longer poisoned.
The ogre closely misses you.
Your magical contamination has completely faded away.
You hit the ogre.
The ogre is heavily wounded.
The ogre hits you with a +0 giant club!!
Ouch! That really hurt!
You die...

###...........#...##...#****
..##..........##.......#*,,*
..............##.§☼§...#,,,*
..##........#####§§##.....,**
.......>...## ##§§#,,.##.,,*
...........#* #§§§#*,##,,,**
............#* #§§##,..#,,***
.............*##§§#*...#.*,,**
........###.###§@§#......,,,,*
..........☼§§§§§§O§§§§§§.,,,**
.....##*,###§§§#§S.☼§☼§§.,,,**
.....#*****#§.##§§§§§§§§.,,,,*
#......***....,§§§§§§§§§.,,,,***
,......,,....,.§§§§§§☼§§.,,,**,**
,...###**...*#.☼☼§§§§§§§.,,,*,,,*
,...#**,,..#*#§§§§§§§§§§.,,,,,,,,
,,...***,,,,*..........#.,,,,,,,,


You could see an ogre and an adder.

Vanquished Creatures
  A hound (D:4)
  Terence (D:2)
  3 adders
  2 worms
  A dart slug (D:1)
  An orc (D:3)
  4 endoplasms
  4 giant cockroaches
  7 goblins
  4 hobgoblins
  6 quokkas
  3 ball pythons
  3 bats
  2 frilled lizards (D:1)
  8 kobolds
  2 rats
52 creatures vanquished.

Vanquished Creatures (others)
  118 foxfires
118 creatures vanquished.

Grand Total: 170 creatures vanquished

Notes
Turn   | Place    | Note
-------+----------+-------------------------------------------
     0 | D:1      | LustLizard the Hill Orc Fire Elementalist began the quest
                  | for the Orb.
     0 | D:1      | Reached XP level 1. HP: 14/14 MP: 3/3
   299 | D:1      | Reached XP level 2. HP: 22/22 MP: 0/4
  1058 | D:1      | Reached skill level 1 in Fighting
  1059 | D:1      | Reached XP level 3. HP: 28/28 MP: 1/5
  1461 | D:2      | Found a faded altar of an unknown god.
  1780 | D:2      | Reached skill level 1 in Axes
  1940 | D:2      | Noticed Terence
  1967 | D:2      | Killed Terence
  1968 | D:2      | Reached skill level 4 in Fire Magic
  1968 | D:2      | Reached XP level 4. HP: 27/35 MP: 0/7
  2045 | D:2      | Learned a level 3 spell: Inner Flame
  2104 | D:3      | Found a broken altar of Ashenzari.
  2381 | D:3      | Found an opulent altar of Gozag.
  2764 | D:4      | Found an iron altar of Okawaru.
  2806 | D:4      | Noticed an ogre
  2809 | D:4      | Reached XP level 5. HP: 34/41 MP: 2/8
  2817 | D:4      | Mangled by an ogre

Illustrated notes

Levels and vault maps discovered:
D:1:      minmay_arrival_shattered_statue, layout_basic,
          chequers_serial_rivers_micro_d
D:2:      layout_rooms, chequers_ecumenical_altar_simple, uniq_terence
D:3:      layout_rooms, mainiacjoe_overflow_24_doors,
          mainiacjoe_overflow_tiny_flanked, hex_medium
D:4:      layout_cave_pools, elyvilon_altar_1, cheibriados_altar_1,
          nicolae_dithmenos_the_darkroom, okawaru_ov_weapons_minmay,
          minmay_temple_entry_proselytizer, enter_ossuary_5

Skill      XL: |  1  2  3 |
---------------+----------+-----
Fighting       | 1 |  1.7
Conjurations   | 2 |  2.6
Axes           | 1 |  1.7
Spellcasting   | 2 |  2.1
Fire Magic     | 4 |  4.4
Dodging        | |  1.5
Stealth        | |  1.5

Action                   |  1- 3 |  4- 6 || total
-------------------------+-------+-------++-------
Melee: Short sword       |     6 |       ||     6
       Hand axe          |    35 |    30 ||    65
       Punch             |     1 |       ||     1
 Cast: Foxfire           |    48 |    19 ||    67
  Use: Scroll            |       |     3 ||     3
 Stab: Sleeping          |     3 |     1 ||     4
Armor: Robe              |    12 |    13 ||    25
Dodge: Dodged            |    33 |    28 ||    61
